 Dungeon Crawl Stone Soup version 0.24-a0-586-g8e0e932a4c (webtiles) character file.

Game seed: 5770072219221545690, levelgen mode: deterministic

56 Mithandil the Conjurer (level 3, 0/20 HPs)
             Began as a Tengu Conjurer on Sept 8, 2019.
             Slain by Terence
             ... wielding a +0 mace
              (1 damage)
             ... on level 2 of the Dungeon.
             The game lasted 00:08:19 (1680 turns).

Mithandil the Conjurer (Tengu Conjurer)             Turns: 1680, Time: 00:08:20

Health: 0/20       AC:  5    Str:  9    XL:     3   Next: 97%
Magic:  0/7        EV: 11    Int: 15    God:
Gold:   104        SH:  0    Dex: 14    Spells: 3/6 levels left

rFire    . . .     SeeInvis .   a - +0 dagger
rCold    . . .     Gourm    .   (no shield)
rNeg     . . .     Faith    .   h - +0 ring mail
rPois    .         Spirit   .   (helmet restricted)
rElec    .         Reflect  .   (no cloak)
rCorr    .         Harm     .   (no gloves)
MR       .....                  (boots unavailable)
Stlth    +.........             (no amulet)
HPRegen  0.06/turn              (no ring)
MPRegen  0.10/turn              (no ring)

@: no status effects
A: beak, talons 3
a: no special abilities


You were on level 2 of the Dungeon.
You were not hungry.

You visited 1 branch of the dungeon, and saw 2 of its levels.

You collected 104 gold pieces.

Inventory:

Hand Weapons
 a - a +0 dagger (weapon)
 b - a +3 hunting sling
Missiles
 d - 78 stones (quivered)
 f - 25 sling bullets
Armour
 h - a +0 ring mail (worn)
 i - a +0 large shield
Scrolls
 e - a scroll of fog {unknown}
 l - a scroll of noise {unknown}
 m - a scroll of amnesia {unknown}
Comestibles
 c - 3 rations
 g - 4 chunks of flesh


   Skills:
 + Level 0.6 Fighting
 * Level 1.0 Short Blades
 + Level 2.4 Dodging
 + Level 2.4 Stealth
 * Level 1.0 Shields
 * Level 2.4 Spellcasting
 * Level 5.7 Conjurations


You had 3 spell levels left.
You knew the following spells:

 Your Spells              Type           Power        Failure   Level  Hunger
a - Magic Dart            Conj           ###.         5%          1    #......
b - Searing Ray           Conj           ###...       9%          2    ###....

Your spell library contained the following spells:

 Spells                   Type           Power        Failure   Level  Hunger
 Dazzling Spray           Conj/Hex       ##....       47%         3    ###....
 Iskenderun's Mystic Bla  Conj           ###.....     50%         4    #####..
 Force Lance              Conj/Tloc      ##......     87%         4    #####..
 Fulminant Prism          Conj/Hex       ##........   87%         4    #####..


Dungeon Overview and Level Annotations

Branches:
Dungeon (2/15)

Altars:

Annotations:
D:2 Terence


Innate Abilities, Weirdness & Mutations

You have a beak for a mouth.
You have claws for feet.


Message History

Aiming: Magic Dart (safe; 5% risk of failure)
Press: ? - help, Shift-Dir - straight line, f/p - Terence
Aim: Terence, wielding a +0 mace and wearing a +2 scale mail of fire resistance (almost dead)
The magic dart hits Terence but does no damage.
Terence is almost dead.
Terence closely misses you.
You barely miss Terence. You claw Terence, but do no damage.
Terence is almost dead.
Terence hits you with a +0 mace.
* * * LOW HITPOINT WARNING * * *
You barely miss Terence. Your kick misses Terence.
Terence is almost dead.
You hit Terence but do no damage. You peck Terence, but do no damage.
Terence is almost dead.
Terence hits you with a +0 mace.
* * * LOW HITPOINT WARNING * * *
You closely miss Terence. You claw Terence, but do no damage.
Terence is almost dead.
Terence hits you with a +0 mace.
You die...

#.# #.
#.# #.
#.####
#.
#....#
#.
####.#
#. #.#
#. #.#
#รท#
#@#
#@#
#.#
#.#
#.#
#.#
#.#
#.#


You could see Terence.

Vanquished Creatures
  An ooze (D:1)
  A worm (D:2)
  A dart slug (D:2)
  A leopard gecko (D:1)
  6 giant cockroaches (D:1)
  8 goblins
  3 hobgoblins (D:1)
  4 jackals (D:1)
  2 kobolds
  2 ball pythons (D:2)
  4 bats
  3 frilled lizards (D:1)
  3 rats (D:1)
39 creatures vanquished.

Notes
Turn   | Place    | Note
-------+----------+-------------------------------------------
     0 | D:1      | Mithandil the Tengu Conjurer began the quest for the Orb.
     0 | D:1      | Reached XP level 1. HP: 10/10 MP: 4/4
   197 | D:1      | Reached XP level 2. HP: 16/16 MP: 0/6
   375 | D:1      | Reached XP level 3. HP: 17/20 MP: 4/7
   825 | D:1      | Learned a level 2 spell: Searing Ray
  1566 | D:2      | Reached skill level 1 in Shields
  1571 | D:2      | Reached skill level 1 in Short Blades
  1649 | D:2      | Noticed Terence
  1679 | D:2      | HP: 1/20 [Terence/+0 mace (1)]
  1680 | D:2      | Slain by Terence

Levels and vault maps discovered:
D:1:      dpeg_arrival_prison, layout_basic, minmay_small_reverse_x
D:2:      layout_loops_ring, uniq_terence

Skill      XL: |  1  2  3 |
---------------+----------+-----
Shields        | 1 |  1.0
Short Blades   | 1 |  1.0
Fighting       | |  0.6
Dodging        | |  2.4
Stealth        | |  2.4
Spellcasting   | |  2.4
Conjurations   | |  5.7

Action                   || total
-------------------------++-------
Melee: Dagger            ||    76
       Kick              ||    21
       Peck              ||    11
 Cast: Magic Dart        ||    60
  Use: Scroll            ||     3
       Potion            ||     1
  Eat: Chunk             ||     3
Armor: Robe              ||     2
       Ring mail         ||    17
Dodge: Dodged            ||    58

Table legend:
 A = Non-vault XP
 B = Vault XP
 C = Vault XP percentage of total XP
 D = Non-vault monster count
 E = Vault monster count
 F = Vault count percentage of total count
                 A         B        C        D         E       F
            +---------+---------+-------+---------+---------+-------
      Total |      61 |      20 |  24.7 |      31 |       8 |  20.5
            +---------+---------+-------+---------+---------+-------
        D:1 |      37 |      20 |  35.1 |      21 |       8 |  27.6
        D:2 |      24 |       0 |   0.0 |      10 |       0 |   0.0
            +---------+---------+-------+---------+---------+-------
